 Dungeon Crawl Stone Soup version 0.20.0-15-g7f486f2 (webtiles) character file.

16 Hook the Grave Robber (level 2, -5/19 HPs)
             Began as a Demonspawn Necromancer on June 21, 2017.
             Hit by a stone thrown by a gnoll (6 damage)
             ... on level 1 of the Dungeon.
             The game lasted 00:02:16 (681 turns).

Hook the Grave Robber (Demonspawn Necromancer)       Turns: 681, Time: 00:02:17

Health: -5/19      AC:  2    Str:  8    XL:     2   Next: 41%
Magic:  0/5        EV: 12    Int: 16    God:
Gold:   65         SH:  0    Dex: 13    Spells: 3/5 levels left

rFire    . . .     SeeInvis .   e - +0 dagger
rCold    . . .     Gourm    .   (no shield)
rNeg     . . .     Faith    .   a - +0 robe
rPois    .         Spirit   +   (no helmet)
rElec    .         Reflect  .   (no cloak)
rCorr    .         Harm     .   (no gloves)
MR       .....                  (no boots)
Stlth    ++........             (no amulet)
Regen    0.1/turn               g - +4 ring of slaying
MPRegen  0.1/turn               (no ring)

@: no status effects
A: magic shield
a: no special abilities


You were on level 1 of the Dungeon.
You were not hungry.

You visited 1 branch of the dungeon, and saw 1 of its levels.

You collected 65 gold pieces.

Inventory:

Hand Weapons
 e - a +0 dagger (weapon)
Armour
 a - a +0 robe (worn)
Jewellery
 g - a +4 ring of slaying (left hand)
Potions
 d - a potion of flight {unknown}
 i - a potion of curing {unknown}
Books
 b - a book of Necromancy

   Spells                             Type                      Level
   a - Pain                           Necromancy                   1
   b - Animate Skeleton               Necromancy                   1
   c - Vampiric Draining              Necromancy                   3
   d - Regeneration                   Charms/Necromancy            3
   e - Animate Dead                   Necromancy                   4
   f - Control Undead                 Necromancy                   4
Comestibles
 c - a bread ration
 f - a chunk of flesh
 h - a meat ration


   Skills:
 * Level 1.9 Dodging
 + Level 1.7 Stealth
 * Level 2.0 Spellcasting
 * Level 5.0 Necromancy


You had 3 spell levels left.
You knew the following spells:

 Your Spells              Type           Power        Failure   Level  Hunger
a - Pain                  Necr           ###.         2%          1    #......
b - Animate Skeleton      Necr           N/A          2%          1    #......


Dungeon Overview and Level Annotations

Branches:
Dungeon (1/15)

Altars:


Innate Abilities, Weirdness & Mutations

When hurt, damage is shared between your health and your magic reserves.


Message History

Confirm with . or Enter, or press ? or * to list all spells.
You don't have enough magic to cast that spell.
Unknown command.
Found 8 tomahawks.
The gnoll throws a stone.
The stone hits you but does no damage.
You see here a stone.
The gnoll hits you with a mace of protection!
Ouch! That really hurt!
* * * LOW HITPOINT WARNING * * *
You are too injured to fight recklessly!
You are too injured to fight recklessly!
The gnoll throws a stone.
The stone barely misses you.
The gnoll throws a stone.
The stone closely misses you.
Casting: Pain
Confirm with . or Enter, or press ? or * to list all spells.
Aiming: Pain
Press: ? - help, Shift-Dir - straight line, f/p - gnoll
Aim: a gnoll, wielding a mace of protection (moderately wounded, chance to defeat MR: 82%)
The gnoll writhes in agony!
The gnoll throws a stone.
The stone hits you.
You die...

.##..............# #........
.##..............# #........
.####............# #........ .#
#............# ############# .#
#.........(..# .....##...... .#
#...........(# .(...##...... .#
#...........(###.....##...... .#
#............(..†....##...... .#
#...........@........######## .#
#.............(......#
.####................#####
..................g[......
###############......############
#......#..........#
#......#..........#
########..........#
###########..........#


You could see a gnoll.

Vanquished Creatures
  A dart slug (D:1)
  A bat (D:1)
  A giant cockroach (D:1)
  2 goblins (D:1)
  A hobgoblin (D:1)
  3 frilled lizards (D:1)
  3 kobolds (D:1)
  4 rats (D:1)
16 creatures vanquished.

Notes
Turn   | Place    | Note
-------+----------+-------------------------------------------
     0 | D:1      | Hook the Demonspawn Necromancer began the quest for the Orb.
     0 | D:1      | Reached XP level 1. HP: 13/13 MP: 3/3
   276 | D:1      | Gained mutation: When hurt, damage is shared between your health and your magic reserves. [demonic ancestry]
   276 | D:1      | Reached XP level 2. HP: 14/19 MP: 0/5
   578 | D:1      | Reached skill level 5 in Necromancy
   603 | D:1      | Learned a level 1 spell: Animate Skeleton
   681 | D:1      | Hit by a stone thrown by a gnoll

Skill      XL: |  1  2 |
---------------+-------+-----
Necromancy     | 5 |  5.0
Dodging        | |  1.9
Stealth        | |  1.7
Spellcasting   | |  2.0

Action                   || total
-------------------------++-------
Melee: Dagger            ||     7
       Unarmed           ||     1
 Cast: Pain              ||    19
  Use: Scroll            ||     2
 Stab: Sleeping          ||     1
Armor: Robe              ||     3
Dodge: Dodged            ||     6
